 Dungeon Crawl Stone Soup version 0.26-a0-597-gb535b0901c (webtiles) character file.

Game seed: 4424230374466347032

100 Lanoc the Sneak (level 4, -6/43 HPs)
             Began as a Naga Delver on Sept 2, 2020.
             Mangled by a bullfrog (8 damage)
             ... in a sewer.
             The game lasted 00:02:28 (1022 turns).

Lanoc the Sneak (Naga Delver)                       Turns: 1022, Time: 00:02:28

Health: -6/43      AC:  2    Str: 14    XL:     4   Next: 74%
Magic:  4/4        EV: 10    Int: 11    God:
Gold:   12         SH:  0    Dex: 13    Spells: 3/3 levels left

rFire    . . .     SeeInvis +   i - +7 flail "Diklaset" {flame, +Rage MR++ Stlth+}
rCold    . . .     Faith    .   (no shield)
rNeg     . . .     Spirit   .   b - +0 leather armour
rPois    +         Reflect  .   (no helmet)
rElec    .         Harm     .   (no cloak)
rCorr    .                      (no gloves)
MR       ++...                  (no barding)
Stlth    ++++......             (no amulet)
HPRegen  0.14/turn              (no ring)
MPRegen  0.09/turn              (no ring)

@: mighty, about to teleport, very slow
A: large, see invisible, deformed body, poison resistance, slowness 2, spit
poison 1, AC +1
a: Spit Poison, Evoke Berserk Rage


You were in a sewer.
You visited 1 branch of the dungeon, and saw 1 of its levels.
You also visited: Sewer.

You collected 12 gold pieces.

Inventory:

Hand Weapons
 i - the +7 flail "Diklaset" (weapon) {flame, +Rage MR++ Stlth+}
   (You found it on level 5 of the Dungeon)

   It has been specially enchanted to burn those struck by it, causing extra
   injury to most foes and up to half again as much damage against particularly
   susceptible opponents.
   It affects your resistance to hostile enchantments.
   It lets you go berserk.
   It makes you more stealthy.
Armour
 b - a +0 leather armour (worn)
Wands
 g - a wand of digging (3)
Scrolls
 c - 4 scrolls of fog
 k - 2 scrolls of teleportation
Potions
 d - a potion of magic {unknown}
 f - 2 potions of haste
 h - a potion of degeneration {unknown}
 j - a potion of heal wounds {unknown}


   Skills:
 + Level 3.6 Fighting
   Level 2.0 Long Blades
 * Level 2.4 Maces & Flails
 + Level 2.2 Dodging
 + Level 7.8 Stealth


You had 3 spell levels left.
You didn't know any spells.
Your spell library was empty.

Dungeon Overview and Level Annotations

Branches:
Dungeon (5/15)              Sewer (1/1)
 Temple: D:4-7

Altars:


Innate Abilities, Weirdness & Mutations

You cannot wear boots.
Your serpentine skin is tough. (AC +1)
You have supernaturally acute eyesight. (SInv)
Armour fits poorly on your strangely shaped body.
Your system is resistant to poisons. (rPois)
You cover ground very slowly.
You can spit poison.


Message History

The ball python barely misses you.
You bludgeon the ball python!! You burn the ball python.
You kill the ball python!
The adder closely misses you. x2
The bullfrog croaks.
You sock the adder! You burn the adder.
You kill the adder!
The adder barely misses you. The ball python barely misses you.
The adder bites you. The adder bites you.
* * * LOW HITPOINT WARNING * * *
The ball python closely misses you. The adder bites you but does no damage.
The ball python closely misses you. The bullfrog hits you!
* * * LOW HITPOINT WARNING * * *
The adder barely misses you. The ball python barely misses you.
Why would you want to do that?
As you read the scroll labeled HOW LENYLAGG, it crumbles to dust.
You feel strangely unstable.
It was a scroll of teleportation.
The adder seems to regain its courage.
The bullfrog hits you!
You die...

#####...# #..'....#
#..#....# ####...## #
##################....#
..#≈≈≈≈≈≈≈≈≈≈≈≈≈≈≈......#
..≈≈≈F≈≈≈≈≈≈≈≈≈≈≈≈≈....##
..≈#≈≈F≈≈≈≈≈≈≈≈FSS≈....#
..≈≈≈≈≈≈#≈≈≈≈F≈S@≈≈....#
..≈≈≈≈≈≈≈..≈≈≈≈≈≈≈≈...##
...l≈≈≈≈≈≈≈≈≈≈≈≈≈≈..###
#####################


You could see 2 bullfrogs, an adder and 2 ball pythons.

Vanquished Creatures
  4 adders
  3 river rats
  A worm (D:5)
  9 ball pythons (Sewer)
  2 frilled lizards (Sewer)
  27 rats
46 creatures vanquished.

Notes
Turn   | Place    | Note
-------+----------+-------------------------------------------
     0 | D:5      | Lanoc the Naga Delver began the quest for the Orb.
     0 | D:5      | Reached XP level 1. HP: 21/21 MP: 1/1
    14 | D:5      | Got a dazzling flail
    15 | D:5      | Identified the +7 flail "Diklaset" {flame, +Rage MR++
                  | Stlth+} (You found it on level 5 of the Dungeon)
    80 | D:5      | Reached skill level 1 in Maces & Flails
    80 | D:5      | Reached XP level 2. HP: 20/28 MP: 2/2
    88 | D:5      | Reached XP level 3. HP: 20/34 MP: 3/3
   109 | D:5      | Found a glowing drain.
   197 | Sewer    | Entered a sewer
   511 | Sewer    | Reached XP level 4. HP: 10/42 MP: 4/4
  1006 | Sewer    | Noticed a bullfrog
  1006 | Sewer    | Noticed a bullfrog
  1021 | Sewer    | HP: 2/43 [bullfrog (8)]
  1022 | Sewer    | Mangled by a bullfrog

Illustrated notes

Levels and vault maps discovered:
D:5:      layout_basic, lightli_sewer_entry_pipes, guppyfry_early_orc_mine
Sewer:    sewer_minmay_w

Skill      XL: |  1  2  3  4 |
---------------+-------------+-----
Maces & Flails | 1 2 |  2.4
Dodging        | 2 |  2.2
Fighting       | |  3.6
Long Blades    | |  2.0
Stealth        | |  7.8

Action                   |  1- 3 |  4- 6 || total
-------------------------+-------+-------++-------
Melee: Flail             |    39 |    38 ||    77
  Use: Scroll            |     1 |     2 ||     3
       Potion            |       |     1 ||     1
 Stab: Sleeping          |     3 |     2 ||     5
Armor: Leather armour    |     8 |    13 ||    21
Dodge: Dodged            |    20 |    38 ||    58

Table legend: (Time is in decaauts)
 A = Elapsed time spent in this place.
 B = Non-inter-level travel time spent in this place.
 C = Inter-level travel time spent in this place.
 D = Time resting spent in this place.
 E = Time spent auto-exploring this place.
 F = Levels seen in this place.
 G = Mean time per level.
                   A        B        C        D        E       F      G
               +--------+--------+--------+--------+--------+-----+--------+
         Total |   1281 |   1281 |      0 |    382 |    434 |   2 |  640.5 |
       Dungeon |    253 |    253 |      0 |     83 |      4 |   1 |  253.0 |
         Sewer |   1028 |   1028 |      0 |    299 |    430 |   1 | 1028.0 |
               +--------+--------+--------+--------+--------+-----+--------+

Top non-repeatable levels by time:
   Sewer: 1028 daAuts
     D:5: 253 daAuts
